 Dungeon Crawl Stone Soup version 0.21-a0-509-gecc5317 (webtiles) character file.

53064 dvd the Eclecticist (level 14, -1/74 HPs)
             Began as a Deep Elf Fire Elementalist on Nov 29, 2017.
             Was a High Priest of Vehumet.
             Slain by a blink frog (12 damage)
             ... on level 6 of the Lair of Beasts.
             The game lasted 01:31:04 (23036 turns).

dvd the Eclecticist (Deep Elf Fire Elementalist)   Turns: 23036, Time: 01:31:05

Health: -1/74      AC: 12    Str:  3    XL:     14   Next: 29%
Magic:  15/36      EV: 10    Int: 30    God:    Vehumet [*****.]
Gold:   1022       SH:  5    Dex: 15    Spells: 14/46 levels left

rFire    + . .     SeeInvis .   a - +2 hand axe (elec)
rCold    . . .     Gourm    .   (no shield)
rNeg     . . .     Faith    .   X - +0 ring mail (curse)
rPois    .         Spirit   .   (helmet restricted)
rElec    .         Reflect  +   (no cloak)
rCorr    .         Harm     .   l - +2 pair of gloves
MR       ++...     Clarity  +   G - +0 pair of boots of the Blizzard {rF+ MR+ Str-2 Stlth+}
Stlth    ++++......             b - +5 amulet of reflection
HPRegen  0.22/turn              x - +4 ring of intelligence
MPRegen  0.25/turn              T - +2 ring of protection

@: no status effects
A: horns 1, clarity
a: Renounce Religion


You were on level 6 of the Lair of Beasts.
You worshipped Vehumet.
Vehumet was extremely pleased with you.
You were hungry.

You visited 3 branches of the dungeon, and saw 19 of its levels.
You also visited: Volcano.

You collected 1489 gold pieces.
You spent 467 gold pieces at shops.

Inventory:

Hand Weapons
 a - a +2 hand axe of electrocution (weapon)
 h - a +1 broad axe of flaming
 y - the +7 hunting sling "Uruqogih" {velocity, Str+4}
   (You found it on level 3 of the Lair of Beasts)

   Any stone fired from it inflicts extra damage.
   It affects your strength (+4).
Armour
 g - a cursed +0 chain mail
 l - a +2 pair of gloves (worn)
 p - a +3 chain mail of fire resistance
 B - a +0 troll leather armour
 C - a +2 scale mail of fire resistance
 E - the +2 robe of Edug {Dex+3}
   (You bought it in a shop on level 5 of the Dungeon)

   It affects your dexterity (+3).
 G - the +0 pair of boots of the Blizzard (worn) {rF+ MR+ Str-2 Stlth+}
   (You bought it in a shop on level 5 of the Dungeon)

   It affects your strength (-2).
   It protects you from fire.
   It affects your resistance to hostile enchantments.
   It makes you more stealthy.
 J - the +1 robe of the Solstice {rCorr}
   (You found it on level 8 of the Dungeon)

   It protects you from acid and corrosion.
 L - a +2 robe of cold resistance
 R - the +3 ring mail of the Past {rN+ MR- Slay+3}
   (You found it on level 10 of the Dungeon)

   It affects your accuracy and damage with ranged weapons and melee attacks
   (+3).
   It protects you from negative energy.
   It affects your resistance to hostile enchantments.
 S - a +2 robe of magic resistance
 X - a cursed +0 ring mail (worn)
 Z - a +0 chain mail of fire resistance
Jewellery
 b - a +5 amulet of reflection (around neck)
 x - a +4 ring of intelligence (left hand)
 D - an uncursed ring of fire
 P - an uncursed ring of positive energy
 T - a +2 ring of protection (right hand)
Wands
 m - a wand of enslavement (11)
 u - a wand of random effects (60)
 F - a wand of polymorph (44)
 H - a wand of iceblast (3)
 K - a wand of acid (9)
 W - a wand of paralysis (8)
 Y - a wand of digging (14)
Scrolls
 d - 7 scrolls of identify
 i - 3 scrolls of fog
 k - a scroll of teleportation
 v - 2 scrolls of enchant armour
 A - a scroll of magic mapping
 V - 2 scrolls of blinking
Potions
 e - 4 potions of curing
 n - a potion of haste
 t - 2 potions of invisibility
 w - a potion of agility
 I - a potion of cancellation
 M - a potion of flight
 N - a potion of mutation
 O - 2 potions of brilliance
 Q - 3 potions of might
Comestibles
 c - 10 bread rations
 f - 10 meat rations
 q - 4 royal jellies
 r - 33 fruits


   Skills:
 + Level 3.6 Fighting
 + Level 5.5 Axes
 + Level 3.2 Armour
 + Level 9.2 Dodging
 + Level 7.0 Stealth
 + Level 16.9 Spellcasting
 + Level 12.5 Conjurations
 + Level 0.3 Charms
 + Level 4.3 Necromancy
 + Level 2.2 Translocations
 + Level 12.8 Fire Magic
 + Level 1.8 Ice Magic
   Level 0.5 Air Magic
   Level 0.7 Poison Magic
 + Level 2.0 Evocations


You had 14 spell levels left.
You knew the following spells:

 Your Spells              Type           Power        Failure   Level  Hunger
b - Throw Flame           Conj/Fire      ######       1%          2    None
c - Sticky Flame          Conj/Fire      #######.     1%          4    None
d - Fireball              Conj/Fire      #######...   1%          5    None
e - Blink                 Tloc           N/A          7%          2    None
h - Ozocubu's Armour      Chrm/Ice       ####....     22%         3    None
i - Throw Icicle          Conj/Ice       ######..     1%          4    None
j - Bolt of Draining      Conj/Necr      ######....   2%          5    None
k - Orb of Destruction    Conj           #######...   16%         7    ####...


Dungeon Overview and Level Annotations

Branches:
Dungeon (12/15)            Temple (1/1) D:4            Lair (6/6) D:11
 Shoals (0/4) Lair:2        Snake (0/4) Lair:3        Slime (0/5) Lair:5
    Orc (0/2) D:11

Altars:
Ashenzari
Cheibriados
Dithmenos
Elyvilon
Fedhas
Gozag
Hepliaklqana
Kikubaaqudgha
Makhleb
Nemelex Xobeh
Okawaru
Qazlal
Ru
Sif Muna
Trog
Uskayaw
Vehumet
Wu Jian
Xom
Yredelemnul
Zin
The Shining One
Beogh

Shops:
D:5 [**   D:9 (=!?   D:10 !:   D:11 [(

Annotations:
D:4 MirrMurr's ghost, amateur TrMo


Innate Abilities, Weirdness & Mutations

You have a pair of small horns on your head.
You possess an exceptional clarity of mind.


Message History

The wyvern moves out of view.
The blink frog blinks! x2
Found a stone staircase leading up.
Casting: Bolt of Draining
Confirm with . or Enter, or press ? or * to list all spells.
Aiming: Sticky Flame
Press: ? - help, Shift-Dir - straight line, f - blink frog
Aim: a blink frog The sticky flame hits the blink frog.
The blink frog is lightly wounded.
The blink frog is covered in liquid flames!
The blink frog burns!
The blink frog closely misses you.
Unknown command.
The blink frog burns!
The blink frog closely misses you.
The blink frog burns!
The blink frog burns!
The blink frog hits you!
* * * LOW HITPOINT WARNING * * *
Unknown command.
The blink frog burns!
The blink frog hits you!
You die...

,≈,,,≈,,,,,,,,,,,,,*
,,,,,,,,,..........*
,,,,≈≈≈≈≈≈........#*
≈≈≈≈≈≈≈*≈P.........*
≈≈≈≈≈≈**,.........##
≈≈≈≈≈**............**
*******...##....<.#,*
******,...#.......#,*
,,,,,,,.........@.##*
,,,,,,,...#....FF..#
,,,,,,,...%........##
,,,,*,,............P#
,,,,*,,............##
,,,***,...........P#
,,,,**,....#......##
,,,,,,,..P........##
,,,,,,,...P....?.(.#


You could see 2 blink frogs.

Vanquished Creatures
  5 hydras
  3 two-headed ogres
  4 death yaks
  A hell knight (Volcano)
  Pikel (D:5)
  4 oklob plants (Lair:3)
  2 cyclopes
  An ugly thing (Volcano)
  A deep elf mage (D:12)
  26 elephants
  2 black mambas (Lair:6)
  3 torpor snails (Lair:1)
  2 molten gargoyles (Volcano)
  Psyche (D:9)
  11 spiny frogs
  A smoke demon (Volcano)
  A rime drake (Lair:6)
  5 komodo dragons
  A red devil (Volcano)
  A tengu conjurer (D:11)
  A troll (D:9)
  A polar bear (Lair:4)
  3 hornets (Lair:4)
  Grinder (D:3)
  A wind drake (Lair:6)
  14 blink frogs
  10 hippogriffs
  3 wyverns
  5 fire bats
  13 spriggans
  20 yaks
  Eustachio (D:4)
  A basilisk (Lair:6)
  A hungry ghost (D:8)
  Edmund (D:6)
  A soldier ant (D:12)
  4 nagas (Lair:3)
  2 wargs (D:11)
  Duvessa (D:5)
  2 hell hounds (Volcano)
  10 water moccasins
  7 porcupines
  A slave (D:5)
  10 orc warriors
  2 sky beasts (D:11)
  4 ice beasts
  2 boggarts (Lair:4)
  6 phantoms
  A black bear (D:12)
  5 centaurs
  15 wolves
  10 crocodiles
  A hornet zombie (D:11)
  2 big kobolds
  15 bullfrogs
  Dowan (D:5)
  2 wyvern skeletons
  6 killer bees (D:11)
  4 howler monkeys
  4 crimson imps
  3 bullfrog zombies
  6 lava snakes (Volcano)
  2 centaur zombies
  A hound (D:5)
  6 jellies
  8 orc priests
  9 orc wizards
  3 centaur skeletons
  3 iguanas
  Natasha (thrice) (D:3)
  Terence (D:2)
  11 worker ants
  A hound zombie (D:7)
  A hound skeleton (D:4)
  A worker ant zombie (D:8)
  6 adders
  7 gnolls
  2 adder zombies
  2 adder skeletons
  5 worms
  2 dart slugs
  5 leopard geckos
  59 orcs
  A ball python (D:8)
  5 bats
  8 giant cockroaches
  6 goblins
  5 hobgoblins
  19 jackals
  5 quokkas
  10 frilled lizards
  15 kobolds
  A leopard gecko skeleton (D:8)
  6 rats
  4 bushes (Lair:3)
  A butterfly (Lair:3)
  13 fungi
  9 plants
525 creatures vanquished.

Vanquished Creatures (collateral kills)
  A black mamba (Lair:4)
  A water moccasin (Lair:4)
  A worker ant (D:11)
  A kobold (D:11)
4 creatures vanquished.

Vanquished Creatures (others)
  45 fungi
  18 plants
63 creatures vanquished.

Grand Total: 592 creatures vanquished

Notes
Turn   | Place    | Note
-------+----------+-------------------------------------------
     0 | D:1      | dvd the Deep Elf Fire Elementalist began the quest for the Orb.
     0 | D:1      | Reached XP level 1. HP: 10/10 MP: 6/6
   481 | D:1      | Reached XP level 2. HP: 15/15 MP: 6/8
   571 | D:1      | Learned a level 2 spell: Throw Flame
  1083 | D:1      | Reached XP level 3. HP: 19/19 MP: 7/9
  1284 | D:2      | Found a glowing silver altar of Zin.
  1297 | D:2      | Noticed Terence
  1311 | D:2      | Killed Terence
  1583 | D:2      | Reached XP level 4. HP: 22/24 MP: 7/11
  1698 | D:2      | Learned a level 4 spell: Sticky Flame
  1902 | D:3      | Noticed Grinder
  2013 | D:3      | Killed Grinder
  2013 | D:3      | Reached skill level 1 in Armour
  2013 | D:3      | Reached skill level 5 in Spellcasting
  2013 | D:3      | Reached XP level 5. HP: 11/28 MP: 0/15
  2013 | D:3      | Reached XP level 6. HP: 13/32 MP: 0/16
  2174 | D:3      | Learned a level 5 spell: Fireball
  2520 | D:3      | Noticed Natasha
  2542 | D:3      | Killed Natasha
  2827 | D:3      | Noticed Natasha
  2835 | D:3      | Killed Natasha
  2835 | D:3      | Reached skill level 6 in Spellcasting
  2835 | D:3      | Reached skill level 5 in Fire Magic
  2902 | D:3      | Noticed Natasha
  2906 | D:3      | Killed Natasha
  3058 | D:4      | Noticed MirrMurr's ghost (amateur TrMo)
  3395 | D:4      | Noticed Eustachio
  3418 | D:4      | Killed Eustachio
  3418 | D:4      | Reached XP level 7. HP: 26/36 MP: 5/19
  4517 | D:4      | Found a glowing golden altar of the Shining One.
  5010 | D:5      | Entered Level 5 of the Dungeon
  5364 | D:5      | Found Fyrid's Antique Armour Boutique.
  5372 | D:5      | Bought a crude robe for 171 gold pieces
  5372 | D:5      | Reached skill level 7 in Spellcasting
  5384 | D:5      | Identified the +2 robe of Edug {Dex+3} (You bought it in a shop on level 5 of the Dungeon)
  5577 | D:5      | Reached XP level 8. HP: 36/42 MP: 8/20
  5597 | D:5      | Found a hazy altar of Hepliaklqana.
  5740 | D:5      | Noticed Duvessa
  5754 | D:5      | Killed Duvessa
  5839 | D:5      | Noticed Dowan
  5842 | D:5      | Killed Dowan
  5876 | D:5      | Found a shimmering altar of Xom.
  5882 | D:5      | Found an opulent altar of Gozag.
  5891 | D:5      | Found Gozag's Platinum Reserve.
  5944 | D:5      | Found Giocinah's General Store.
  6248 | D:5      | Noticed Pikel
  6255 | D:5      | Killed Pikel
  6255 | D:5      | Reached skill level 1 in Fighting
  6255 | D:5      | Reached skill level 1 in Axes
  6255 | D:5      | Reached skill level 8 in Spellcasting
  6255 | D:5      | Reached skill level 5 in Conjurations
  6291 | D:5      | Learned a level 2 spell: Blink
  6295 | D:5      | Learned a level 3 spell: Mephitic Cloud
  6671 | D:6      | Found a white marble altar of Elyvilon.
  6982 | D:6      | Noticed Edmund
  6993 | D:6      | Killed Edmund
  6993 | D:6      | Reached XP level 9. HP: 47/47 MP: 7/23
  7036 | D:6      | Found a sacrificial altar of Ru.
  7516 | D:7      | Reached skill level 9 in Spellcasting
  8141 | D:4      | Found a staircase to the Ecumenical Temple.
  8156 | Temple   | Entered the Ecumenical Temple
  8372 | Temple   | Became a worshipper of Vehumet
  8569 | D:8      | Reached skill level 5 in Stealth
  8834 | D:8      | Got a heavily jewelled robe
  8845 | D:8      | Identified the cursed +1 robe of the Solstice {rCorr} (You found it on level 8 of the Dungeon)
  9185 | D:8      | Found a shattered altar of Ashenzari.
  9342 | D:9      | Noticed a two-headed ogre
  9351 | D:9      | Killed a two-headed ogre
  9351 | D:9      | Reached skill level 5 in Dodging
  9351 | D:9      | Reached skill level 10 in Spellcasting
  9671 | D:5      | Bought a pair of twisted boots for 285 gold pieces
  9681 | D:5      | Identified the cursed +0 pair of boots of the Blizzard {rF+ MR+ Str-2 Stlth+} (You bought it in a shop on level 5 of the Dungeon)
  9759 | D:9      | Found Jiskugoh's Weapon Shop.
  9779 | D:9      | Noticed Psyche
  9779 | D:9      | Reached XP level 10. HP: 53/53 MP: 22/26
  9939 | D:9      | Found Oschet's Distillery.
  9944 | D:9      | Bought a potion of degeneration for 11 gold pieces
  9946 | D:9      | Gained mutation: You possess an exceptional clarity of mind. [potion of mutation]
  9946 | D:9      | Gained mutation: You have a pair of small horns on your head. [potion of mutation]
  9991 | D:9      | Found Otallor's Jewellery Shop.
 10046 | D:9      | Reached * piety under Vehumet
 10046 | D:9      | Offered knowledge of Sandblast by Vehumet.
 10097 | D:9      | Found Nosaxyw's Magic Scroll Boutique.
 10206 | D:9      | Found a roughly hewn altar of Beogh.
 10481 | D:9      | Killed Psyche
 10901 | D:9      | Learned a level 2 spell: Throw Frost
 10905 | D:9      | Learned a level 3 spell: Ozocubu's Armour
 10921 | D:10     | Entered Level 10 of the Dungeon
 10934 | D:10     | Offered knowledge of Shock by Vehumet.
 10946 | D:10     | Reached ** piety under Vehumet
 10951 | D:10     | Noticed a cyclops
 11021 | D:10     | Killed a cyclops
 11234 | D:10     | Found Eruvum's Book Emporium.
 11240 | D:10     | Found Lics's Distillery.
 11495 | D:10     | Got a slimy ring mail
 11918 | D:11     | Reached skill level 11 in Spellcasting
 11980 | D:11     | Noticed a two-headed ogre
 11986 | D:11     | Killed a two-headed ogre
 12061 | D:11     | Got a jewelled leather armour
 12070 | D:11     | Reached skill level 1 in Evocations
 12088 | D:11     | Reached XP level 11. HP: 25/58 MP: 1/28
 12094 | D:11     | Found Aruakouc's Armour Boutique.
 12216 | D:11     | Found a staircase to the Orcish Mines.
 12217 | D:11     | Found Tuyk's Weapon Boutique.
 12234 | D:11     | Found a labyrinth entrance.
 12244 | D:11     | Offered knowledge of Static Discharge by Vehumet.
 12258 | D:12     | Noticed a deep elf mage
 12260 | D:12     | Killed a deep elf mage
 12666 | D:12     | Reached *** piety under Vehumet
 12811 | D:12     | Noticed a two-headed ogre
 12817 | D:12     | Killed a two-headed ogre
 13127 | D:12     | Reached skill level 12 in Spellcasting
 13565 | D:11     | Reached skill level 10 in Fire Magic
 13732 | D:11     | Found a staircase to the Lair.
 13738 | D:11     | Offered knowledge of Ignite Poison by Vehumet.
 13822 | D:11     | Learned a level 4 spell: Throw Icicle
 14469 | Lair:1   | Entered Level 1 of the Lair of Beasts
 14566 | D:11     | Reached **** piety under Vehumet
 14660 | Lair:1   | Offered knowledge of Bolt of Draining by Vehumet.
 14660 | Lair:1   | Reached skill level 13 in Spellcasting
 14667 | Lair:1   | Learned a level 5 spell: Bolt of Draining
 15012 | Lair:1   | Reached XP level 12. HP: 47/64 MP: 16/31
 15290 | Lair:1   | Reached skill level 1 in Translocations
 15742 | Lair:1   | Found a snail-covered altar of Cheibriados.
 16059 | Lair:2   | Reached skill level 5 in Axes
 16061 | Lair:2   | Reached skill level 10 in Conjurations
 16108 | Lair:2   | Found a staircase to the Shoals.
 16135 | Lair:2   | Learned a level 7 spell: Orb of Destruction
 16377 | Lair:2   | Reached skill level 14 in Spellcasting
 16973 | Lair:3   | Noticed a five-headed hydra
 16978 | Lair:3   | Killed a five-headed hydra
 16978 | Lair:3   | Reached skill level 1 in Necromancy
 17653 | Lair:3   | Found a staircase to the Snake Pit.
 17946 | Lair:3   | Identified the +3 ring mail of the Past {rN+ MR- Slay+3} (You found it on level 10 of the Dungeon)
 17947 | Lair:3   | Identified the +0 leather armour of Daffodils {-Cast rN+ rCorr Str+4} (You found it on level 11 of the Dungeon)
 18162 | Lair:3   | Reached ***** piety under Vehumet
 18335 | Lair:3   | Got a polished hunting sling
 18336 | Lair:3   | Identified the +7 hunting sling "Uruqogih" {velocity, Str+4} (You found it on level 3 of the Lair of Beasts)
 18407 | Lair:4   | Offered knowledge of Ozocubu's Refrigeration by Vehumet.
 18726 | Lair:4   | Noticed an eight-headed hydra
 18729 | Lair:4   | Killed an eight-headed hydra
 18730 | Lair:4   | Reached XP level 13. HP: 68/68 MP: 15/33
 19038 | Lair:4   | Reached skill level 15 in Spellcasting
 20167 | Lair:5   | Noticed a dire elephant
 20559 | Lair:5   | Found a staircase to the Slime Pits.
 20776 | Lair:5   | Reached skill level 16 in Spellcasting
 21686 | Lair:6   | Entered Level 6 of the Lair of Beasts
 21702 | Lair:6   | Reached XP level 14. HP: 59/74 MP: 2/36
 21964 | Lair:6   | Found a dark tunnel.
 22052 | Volcano  | Entered a volcano
 22208 | Volcano  | Reached skill level 1 in Ice Magic
 22521 | Volcano  | Found a burning altar of Makhleb.
 23036 | Lair:6   | Slain by a blink frog

Vault maps used:
D:1:      dpeg_arrival_yet_another_circle
D:2:      nicolae_overflow_crystal_walls, first_bread, uniq_terence
D:3:      item_on_display_a, uniq_natasha, uniq_grinder
D:4:      nicolae_tso_swordbearing_angel, minmay_temple_entry_poolview,
          uniq_eustachio
D:5:      brannock_xom_greatest_gift, nicolae_gozag_zags_fifth_avenue,
          lemuel_crystal_altar, serial_shops, nicolae_shop_trees, shop,
          fountainhead, uniq_duvessa, uniq_pikel
D:6:      lemuel_round_altar, hangedman_ru_absence, uniq_edmund
D:8:      nicolae_ashenzari_panopticon
D:9:      serial_shops, kennysheep_little_box,
          nicolae_shop_temple_entry_statues_fountains, nicolae_shop_waterfront,
          kennysheep_mini, special_room, uniq_psyche
D:10:     serial_shops, shop, kennysheep_mini_moat, st_stairs_12
D:11:     erik_lair_orcish_takeover, orc_david_3, lab_entry_generic,
          grunt_tengu_nest, grunt_ministairs_4
Temple:   regret_index_temple_generic_petals
Lair:1:   hangedman_lair_unloving_vines, kennysheep_snail_temple
Lair:2:   shoals_dummy_entry
Lair:3:   minmay_snake_entry_guardpost_small, minmay_hedge_maze,
          lemuel_fruit_fields, lemuel_fruit_tree, minmay_lair_oklob_chamber,
          grunt_megastairs_3, serial_bayou_shore_a
Lair:4:   kb_forest_paths
Lair:5:   mu_elephants_graveyard, minmay_slime_entry_pillars,
          serial_bayou_shore_b
Lair:6:   gammafunk_lair_ancient_temple, nicolae_volcano_entry_batcave,
          serial_bayou_ford_a
Volcano:  volcano_lake

Skill      XL: |  1  2  3  4  5  6  7  8  9 10 11 12 13 14 |
---------------+-------------------------------------------+-----
Fire Magic     | 4 5 6 7 8 9 10 11 12 | 12.8
Conjurations   | 3 4 6 7 8 9 11 12 | 12.5
Armour         | 1 2 3 |  3.2
Spellcasting   | 5 6 7 8 10 11 13 14 16 | 16.9
Stealth        | 3 4 5 6 7 |  7.0
Dodging        | 3 4 5 7 8 9 |  9.2
Fighting       | 1 2 3 |  3.6
Axes           | 1 2 4 5 |  5.5
Evocations     | 1 2 |  2.0
Translocations | 1 2 |  2.2
Necromancy     | 2 4 |  4.3
Ice Magic      | 1 |  1.8
Charms         | |  0.3
Air Magic      | |  0.5
Poison Magic   | |  0.7

Action                   |  1- 3 |  4- 6 |  7- 9 | 10-12 | 13-15 || total
-------------------------+-------+-------+-------+-------+-------++-------
Melee: Hand axe          |     2 |    31 |    97 |   186 |    73 ||   389
       Headbutt          |       |       |       |    16 |     8 ||    24
 Cast: Flame Tongue      |    52 |    55 |    70 |    79 |     9 ||   265
       Throw Flame       |     4 |    26 |    31 |    43 |     1 ||   105
       Sticky Flame      |       |     6 |    21 |    55 |    18 ||   100
       Fireball          |       |       |    18 |   127 |    76 ||   221
       Mephitic Cloud    |       |       |     2 |       |     1 ||     3
       Blink             |       |       |       |     7 |     9 ||    16
       Throw Icicle      |       |       |       |     1 |    24 ||    25
       Bolt of Draining  |       |       |       |    13 |    39 ||    52
       Ozocubu's Armour  |       |       |       |     3 |     2 ||     5
       Orb of Destructio |       |       |       |       |     3 ||     3
Evoke: Wand              |       |       |       |     8 |    12 ||    20
  Use: Scroll            |       |     3 |     9 |    18 |     9 ||    39
       Potion            |       |     1 |     1 |     8 |     2 ||    12
 Stab: Sleeping          |       |     1 |     9 |     4 |       ||    14
       Petrifying        |       |       |       |     2 |       ||     2
       Confused          |       |       |       |       |     4 ||     4
  Eat: Chunk             |     2 |     6 |    22 |    40 |     6 ||    76
       Royal jelly       |       |       |     1 |     1 |     1 ||     3
       Meat ration       |       |       |       |     1 |       ||     1
Armor: Ring mail         |     7 |       |       |       |    10 ||    17
       Robe              |     3 |    14 |    32 |   100 |     2 ||   151
       Leather armour    |       |       |    30 |       |       ||    30
       Troll leather arm |       |       |       |       |    36 ||    36
Dodge: Dodged            |    16 |    43 |   108 |   310 |   126 ||   603
Block: Other             |       |       |       |       |    38 ||    38
       Reflection        |       |       |       |       |     1 ||     1

Table legend:
 A = Spawn XP
 B = Non-spawn XP
 C = Spawn XP percentage of total XP
 D = Spawn monster count
 E = Non-spawn monster count
 F = Spawn count percentage of total count
 G = Total turns spent on level
                    A         B        C        D         E        F      G
               +---------+---------+-------+---------+---------+-------+---------
         Total |       0 |   75806 |   0.0 |       0 |     501 |   0.0 | 23036
               +---------+---------+-------+---------+---------+-------+---------
           D:1 |       0 |      43 |   0.0 |       0 |      24 |   0.0 |  1478
           D:2 |       0 |      74 |   0.0 |       0 |      14 |   0.0 |   511
           D:3 |       0 |     470 |   0.0 |       0 |      28 |   0.0 |  1734
           D:4 |       0 |     538 |   0.0 |       0 |      21 |   0.0 |  1554
           D:5 |       0 |    1261 |   0.0 |       0 |      23 |   0.0 |  1435
           D:6 |       0 |     736 |   0.0 |       0 |      14 |   0.0 |  1111
           D:7 |       0 |     578 |   0.0 |       0 |      20 |   0.0 |   618
           D:8 |       0 |     894 |   0.0 |       0 |      17 |   0.0 |   811
           D:9 |       0 |    2758 |   0.0 |       0 |      40 |   0.0 |  1492
          D:10 |       0 |    1552 |   0.0 |       0 |      19 |   0.0 |   914
          D:11 |       0 |    6969 |   0.0 |       0 |      67 |   0.0 |  1418
          D:12 |       0 |    3344 |   0.0 |       0 |      21 |   0.0 |  1421
        Lair:1 |       0 |    5181 |   0.0 |       0 |      23 |   0.0 |  1327
        Lair:2 |       0 |    4321 |   0.0 |       0 |      20 |   0.0 |  1103
        Lair:3 |       0 |    6716 |   0.0 |       0 |      26 |   0.0 |  1243
        Lair:4 |       0 |    9761 |   0.0 |       0 |      37 |   0.0 |  1860
        Lair:5 |       0 |   17329 |   0.0 |       0 |      41 |   0.0 |  1538
        Lair:6 |       0 |    9411 |   0.0 |       0 |      30 |   0.0 |   454
       Volcano |       0 |    3870 |   0.0 |       0 |      16 |   0.0 |   780
               +---------+---------+-------+---------+---------+-------+---------
